 Dungeon Crawl Stone Soup version 0.23.1 (webtiles) character file.

Game seed: 10641641975816267508

668369 Peloso the Minotaur Barricade (level 27, -35/245 HPs)
             Began as a Minotaur Fighter on Mar 9, 2019.
             Was the Champion of Okawaru.
             Blown up by an ancient lich (93 damage)
             ... with an orb of destruction
             ... on level 5 of the Realm of Zot.
             The game lasted 04:38:32 (85958 turns).

Peloso the Minotaur Barricade (Minotaur Fighter)   Turns: 85958, Time: 04:38:33

Health: -35/245    AC: 54    Str: 38    XL:     27
Magic:  0/29       EV: 14    Int:  3    God:    Okawaru [******]
Gold:   7916       SH: 30    Dex: 12    Spells: 26/26 levels left

rFire    + . .     SeeInvis +   a - +7 double sword (slice)
rCold    + + .     Gourm    .   c - +1 large shield {reflect}
rNeg     + . .     Faith    .   n - +12 gold dragon scales
rPois    +         Spirit   +   O - +2 hat {MR+}
rElec    +         Reflect  +   I - +1 cloak "Zor Zin" {rPois rN+ Slay+5}
rCorr    .         Harm     .   K - +1 pair of gloves {Str+3}
MR       +++..                  V - +2 pair of boots {run}
Stlth    ..........             J - amulet of guardian spirit
HPRegen  0.50/turn              T - ring "Gujol" {rC+ AC+3 Stlth+}
MPRegen  0.21/turn              H - ring of Nifiaf {rElec Str+5 Int-2 SInv Stlth+}

@: hasted, very quick
A: retaliatory headbutt, horns 2, clumsy 1, frail 1
}: 3/15 runes: barnacled, silver, gossamer
a: Heroism, Finesse, Renounce Religion


You were on level 5 of the Realm of Zot.
You worshipped Okawaru.
Okawaru was exalted by your worship.
You were not hungry.

You visited 11 branches of the dungeon, and saw 53 of its levels.
You also visited: Gauntlet.

You collected 8611 gold pieces.
You spent 695 gold pieces at shops.

Inventory:

Hand Weapons
 a - a +7 double sword of slicing (weapon)
 b - the +8 demon blade "Bloodbane" {slice, *Rage +Rage Stlth-}
   (You found it on level 3 of the Elven Halls)

   It inflicts extra damage upon your enemies.
   It lets you go berserk.
   It may make you go berserk in combat.
   It makes you less stealthy.
 W - the +5 spear of Armageddon {venom, Int+3}
   (You found it on level 4 of the Realm of Zot)

   It poisons the flesh of those it strikes.
   It affects your intelligence (+3).
Armour
 c - a +1 large shield of reflection (worn)
 g - a +2 pair of boots of flying
 n - +12 gold dragon scales (worn)
 w - the +1 plate armour of a wizard's laboratory {rC+}
   (You found it on level 1 of the Realm of Zot)

   It protects you from cold.
 B - a scarf of resistance
 I - the +1 cloak "Zor Zin" (worn) {rPois rN+ Slay+5}
   (Okawaru gifted it to you on level 4 of the Vaults)

   It affects your accuracy and damage with ranged weapons and melee attacks
   (+5).
   It protects you from poison.
   It protects you from negative energy.
 K - a +1 pair of gloves of strength (worn)
 M - the +2 cloak "Gaulabli" {rPois rF+++ rCorr Dex-2}
   (Okawaru gifted it to you on level 3 of the Realm of Zot)

   It affects your dexterity (-2).
   It renders you almost immune to fire.
   It protects you from poison.
   It provides partial protection from all sources of acid and corrosion.
 O - a +2 hat of magic resistance (worn)
 V - a +2 pair of boots of running (worn)
 X - quicksilver dragon scales
Jewellery
 d - the ring "Hoestryiz" {rC+ Int+5}
   (You acquired it on level 1 of the Realm of Zot)

   [ring of intelligence]

   It affects your intelligence (+5).
   It protects you from cold.
 E - a +2 ring of evasion
 H - the ring of Nifiaf (right hand) {rElec Str+5 Int-2 SInv Stlth+}
   (You found it on level 4 of the Shoals)

   [ring of stealth]

   It affects your strength (+5).
   It affects your intelligence (-2).
   It insulates you from electricity.
   It lets you see invisible.
   It makes you more stealthy.
 J - an amulet of guardian spirit (around neck)
 T - the ring "Gujol" (left hand) {rC+ AC+3 Stlth+}
   (You found it on level 11 of the Dungeon)

   [ring of protection]

   It affects your AC (+3).
   It protects you from cold.
   It makes you more stealthy.
Wands
 C - a wand of iceblast (8)
 F - a wand of disintegration (12)
 Q - a wand of flame (18)
 U - a wand of digging (2)
Scrolls
 h - 21 scrolls of identify
 i - 7 scrolls of fear
 k - 13 scrolls of teleportation
 l - 29 scrolls of remove curse
 m - 2 scrolls of fog
 q - 4 scrolls of blinking
 v - 6 scrolls of magic mapping
 y - a scroll of holy word
 D - a scroll of silence
 L - 4 scrolls of summoning
Potions
 e - 9 potions of haste
 j - 7 potions of might
 o - 2 potions of brilliance
 p - 22 potions of curing
 r - a potion of invisibility
 s - 3 potions of heal wounds
 u - 4 potions of mutation
 x - 8 potions of flight
 z - a potion of cancellation
 A - a potion of magic
 G - a potion of berserk rage
 P - 4 potions of resistance
 R - 4 potions of agility
Miscellaneous
 t - a box of beasts
 S - a phial of floods
Comestibles
 f - 93 rations
 N - 11 chunks of flesh


   Skills:
 O Level 27 Fighting
 O Level 27 Long Blades
 O Level 27 Armour
 + Level 11.3 Dodging
 + Level 8.5 Stealth
 O Level 27 Shields
 + Level 9.6 Invocations
 + Level 1.5 Evocations


You had 26 spell levels left.
You didn't know any spells.
Your spell library contained the following spells:

 Spells                   Type           Power        Failure   Level  Hunger
 Animate Skeleton         Necr           N/A          93%         1    ##.....
 Apportation              Tloc           #.....       93%         1    ##.....
 Beastly Appendage        Tmut           #.....       93%         1    ##.....
 Freeze                   Ice            #...         93%         1    ##.....
 Infusion                 Chrm           #...         93%         1    ##.....
 Magic Dart               Conj           #...         93%         1    ##.....
 Sandblast                Erth           #.....       93%         1    ##.....
 Shock                    Conj/Air       #...         93%         1    ##.....
 Summon Butterflies       Summ           #.......     93%         1    ##.....
 Summon Small Mammal      Summ           #...         93%         1    ##.....
 Blink                    Tloc           N/A          98%         2    ###....
 Call Imp                 Summ           #.......     98%         2    ###....
 Ensorcelled Hibernation  Hex/Ice        #.....       98%         2    ###....
 Passwall                 Tmut/Erth      #.......     98%         2    ###....
 Poisonous Vapours        Pois/Air       #.....       98%         2    ###....
 Searing Ray              Conj           #.....       98%         2    ###....
 Shroud of Golubria       Chrm/Tloc      #.........   98%         2    ###....
 Slow                     Hex            #.......     98%         2    ###....
 Song of Slaying          Chrm           #.......     98%         2    ###....
 Sticks to Snakes         Tmut           #.......     98%         2    ###....
 Sublimation of Blood     Necr           #.........   98%         2    ###....
 Swiftness                Chrm/Air       #.......     98%         2    ###....
 Throw Frost              Conj/Ice       #.....       98%         2    ###....
 Call Canine Familiar     Summ           #.......     100%        3    ####...
 Confuse                  Hex            #.......     100%        3    ####...
 Conjure Flame            Conj/Fire      #.......     100%        3    ####...
 Dazzling Spray           Conj/Hex       #.....       100%        3    ####...
 Gell's Gravitas          Tloc           #.........   100%        3    ####...
 Ignite Poison            Fire/Tmut/Pois #.......     100%        3    ####...
 Inner Flame              Hex/Fire       #.......     100%        3    ####...
 Lesser Beckoning         Tloc           #.........   100%        3    ####...
 Mephitic Cloud           Conj/Pois/Air  #.......     100%        3    ####...
 Ozocubu's Armour         Chrm/Ice       #.......     100%        3    ####...
 Portal Projectile        Hex/Tloc       #.....       100%        3    ####...
 Recall                   Summ/Tloc      N/A          100%        3    ####...
 Regeneration             Chrm/Necr      #.........   100%        3    ####...
 Spectral Weapon          Hex/Chrm       #.......     100%        3    ####...
 Spider Form              Tmut/Pois      #.........   100%        3    ####...
 Static Discharge         Conj/Air       #.......     100%        3    ####...
 Stone Arrow              Conj/Erth      #.....       100%        3    ####...
 Summon Guardian Golem    Hex/Summ       #.......     100%        3    ####...
 Teleport Other           Tloc           #.......     100%        3    ####...
 Tukima's Dance           Hex            #.......     100%        3    ####...
 Vampiric Draining        Necr           #.........   100%        3    ####...
 Airstrike                Air            #.........   100%        4    #####..
 Force Lance              Conj/Tloc      #.......     100%        4    #####..
 Fulminant Prism          Conj/Hex       #.........   100%        4    #####..
 Ice Form                 Ice/Tmut       #.......     100%        4    #####..
 Iskenderun's Mystic Bla  Conj           #.......     100%        4    #####..
 Leda's Liquefaction      Hex/Erth       #.........   100%        4    #####..
 Passage of Golubria      Tloc           N/A          100%        4    #####..
 Petrify                  Tmut/Erth      #.......     100%        4    #####..
 Summon Ice Beast         Ice/Summ       #.......     100%        4    #####..
 Summon Lightning Spire   Summ/Air       #.......     100%        4    #####..
 Throw Icicle             Conj/Ice       #.......     100%        4    #####..
 Agony                    Necr           #.......     100%        5    ######.
 Alistair's Intoxication  Tmut/Pois      #.......     100%        5    ######.
 Aura of Abjuration       Summ           #.........   100%        5    ######.
 Blade Hands              Tmut           #.........   100%        5    ######.
 Bolt of Draining         Conj/Necr      #.........   100%        5    ######.
 Bolt of Magma            Conj/Fire/Erth #.........   100%        5    ######.
 Borgnjor's Vile Clutch   Necr/Erth      #.........   100%        5    ######.
 Excruciating Wounds      Chrm/Necr      #.........   100%        5    ######.
 Irradiate                Conj/Tmut      #.........   100%        5    ######.
 Lee's Rapid Deconstruct  Erth           #.........   100%        5    ######.
 Lightning Bolt           Conj/Air       #.........   100%        5    ######.
 Metabolic Englaciation   Hex/Ice        #.........   100%        5    ######.
 Silence                  Hex/Air        #.........   100%        5    ######.
 Summon Demon             Summ           #.........   100%        5    ######.
 Summon Forest            Summ/Tloc      #.........   100%        5    ######.
 Summon Mana Viper        Hex/Summ       #.......     100%        5    ######.
 Yara's Violent Unravell  Hex/Tmut       #.........   100%        5    ######.
 Bolt of Cold             Conj/Ice       #.........   100%        6    #######
 Darkness                 Hex            #.........   100%        6    #######
 Death Channel            Necr           #.........   100%        6    #######
 Freezing Cloud           Conj/Ice/Air   #.........   100%        6    #######
 Invisibility             Hex            #.......     100%        6    #######
 Iron Shot                Conj/Erth      #.........   100%        6    #######
 Ozocubu's Refrigeration  Ice            #.........   100%        6    #######
 Shadow Creatures         Summ           N/A          100%        6    #######
 Simulacrum               Ice/Necr       #.........   100%        6    #######
 Statue Form              Tmut/Erth      #........    100%        6    #######
 Malign Gateway           Summ/Tloc      #.........   100%        7    #######
 Monstrous Menagerie      Summ           #.........   100%        7    #######
 Summon Greater Demon     Summ           #.........   100%        7    #######
 Summon Hydra             Summ           #.........   100%        7    #######
 Summon Horrible Things   Summ           #.........   100%        8    #######
 Shatter                  Erth           #.........   100%        9    #######


Dungeon Overview and Level Annotations

Branches:
Dungeon (15/15)            Temple (1/1) D:7            Lair (6/6) D:8
 Shoals (4/4) Lair:3       Spider (4/4) Lair:4        Slime (0/5) Lair:6
    Orc (2/2) D:10            Elf (3/3) Orc:2        Vaults (5/5) D:13
  Crypt (3/3) Vaults:3       Tomb (0/3) Crypt:3      Depths (5/5) D:15
    Zot (5/5) Depths:5

Altars:
Ashenzari
Cheibriados
Dithmenos
Fedhas
Kikubaaqudgha
Nemelex Xobeh
Okawaru
Sif Muna
Trog
Uskayaw
Vehumet
Wu Jian
Xom
Yredelemnul
Zin
The Shining One
Beogh
Lugonu

Shops:
D:9 *   D:12 =   Orc:2 (?:%   Elf:2 =   Elf:3 :   Shoals:4 ([:   Vaults:1 *
Vaults:5 [=

Portals:
Hell: Depths:1 Depths:2 Depths:3 Depths:4 Depths:5
Abyss: Depths:1 Depths:2 Depths:3 Depths:4
Pandemonium: Orc:2 Depths:1 Depths:3
Ziggurat: Depths:4

Annotations:
D:15 1 runed translucent door, exclusion: orange crystal statue


Innate Abilities, Weirdness & Mutations

You reflexively headbutt those who attack you in melee.
You have a pair of horns on your head.
You are clumsy. (Dex -2)
You are frail. (-10% HP)


Message History

The Killer Klown blinks!
You block the Orb Guardian's attack.
The ancient lich conjures an orb of pure magic.
An orb of destruction comes into view.
Unknown command.
The golden dragon roars deafeningly!
The Orb Guardian drops a net on you. A large net falls onto you!
You become entangled in the net!
The ghost moth stares at you.
You feel your power leaking away.
You see here a throwing net.
Unknown command.
You struggle against the net.
The Orb Guardian hits you!
* * * LOW HITPOINT WARNING * * *
Unknown command.
You struggle against the net.
The moth of wrath goads the Orb Guardian on!
The Orb Guardian goes berserk!
The Killer Klown blinks!
You shred the net and break free! You block the Orb Guardian's attack.
The orb of destruction hits you!!!!
You die...

▓▓.....................
▓▓......................
▓▓.......................
▓.......^.....)..........
▓.......Xd...............
*▓...^y...........,,,,,,*
▓▓.......p....§..,,,,***
▓▓....XD....^...,****
▓▓.y○@d##▓▓▓▓▓▓▓▓▓▓▓#
*#.......y.D.....^^§^#*
*#...°......d.....##§...
*#^...L.$....X......###..
#....°.....!.........#**§
#.......^............# **
*....................# *
*.........^..........# *
*,,,,....D..X.....^..#


You could see a Killer Klown, 2 golden dragons, an ancient lich, 2 draconians, a
green draconian, 3 Orb Guardians, a ghost moth (invisible) and 2 moths of wrath.

Vanquished Creatures
  Mennas (Vaults:2)
  An orb of fire (Zot:2)
  4 ancient liches
  2 juggernauts
  Bai Suzhen (Spider:4)
  3 Killer Klowns
  A curse toe (Zot:5)
  Frederick (Vaults:4)
  10 golden dragons
  9 caustic shrikes
  Arachne (Spider:4)
  A bone dragon (Crypt:3)
  4 electric golems
  19 tentacled monstrosities
  10 liches
  6 quicksilver dragons
  6 titans
  4 deep elf blademasters
  2 deep elf master archers (Elf:3)
  4 Orb Guardians (Zot:5)
  Polyphemus (Shoals:2)
  A kraken (Shoals:4)
  An ancient champion (Crypt:1)
  11 shadow dragons
  6 death cobs
  5 sphinxes
  13 tengu reavers
  Kirke (Shoals:4)
  3 draconian monks
  18 storm dragons
  2 revenants (Crypt:1)
  3 draconian knights (Zot:4)
  5 iron dragons
  17 frost giants
  12 deep elf sorcerers
  8 ghost moths
  5 draconian scorchers
  17 fire giants
  5 emperor scorpions
  3 draconian stormcallers
  14 vault wardens
  Aizul (Spider:4)
  14 deep elf elementalists
  32 very ugly things
  3 draconian shifters
  6 spriggan defenders
  A ghoul (Vaults:1)
  12 ironheart preservers
  3 entropy weavers
  9 draconian annihilators
  6 war gargoyles
  6 vampire knights
  21 stone giants
  7 deep elf demonologists
  12 green draconians
  9 white draconians
  A lorocyproca (Depths:3)
  16 deep elf annihilators
  12 black draconians
  Azrael (D:15)
  A minotaur (Gauntlet)
  21 purple draconians
  9 yellow draconians
  10 red draconians
  A spark wasp (shapeshifter) (Depths:3)
  8 spark wasps
  4 eidola (Crypt:1)
  A blizzard demon (Depths:1)
  The ghost of Qucvyi Areg the Grappler, a journeyman DrTm of Yredelemnul (Lair:2)
  2 quicksilver dragon zombies (Crypt:3)
  4 crystal guardians
  5 deep elf death magi
  A death ooze (Gauntlet)
  Josephine (D:15)
  12 deep elf high priests
  21 ettins
  6 jiangshi
  4 rakshasas
  8 merfolk impalers
  9 great orbs of eyes
  A quicksilver dragon skeleton (Crypt:3)
  24 ice dragons
  21 yaktaur captains
  41 vault guards
  10 fire dragons
  9 hydras
  4 spriggan air magi
  An alligator snapping turtle (Shoals:1)
  8 centaur warriors
  A satyr (Shoals:4)
  4 death knights
  7 merfolk aquamancers
  40 dancing weapons
  4 merfolk avatars
  4 catoblepae
  5 deep troll shamans
  9 ogre magi
  12 death yaks
  33 two-headed ogres
  6 tengu warriors
  6 deep troll earth magi
  A titan zombie (Crypt:3)
  6 vampire magi
  10 spriggan berserkers
  21 deep elf knights
  A spriggan (Depths:3)
  A shock serpent (shapeshifter) (Elf:2)
  A sun demon (Orc:2)
  7 orc high priests (Orc:2)
  2 soul eaters
  A shadow wraith (Vaults:4)
  A fire crab (shapeshifter) (Vaults:2)
  11 hell knights
  An iron troll (Depths:5)
  A sixfirhy (Depths:3)
  36 skeletal warriors
  2 wizards
  An entropy weaver zombie (Crypt:1)
  A glowing orange brain (shapeshifter) (Depths:1)
  10 sea snakes
  6 flayed ghosts
  A swamp dragon (shapeshifter) (Vaults:1)
  7 glowing orange brains
  18 ironbrand convokers
  4 torturous demonspawn
  An infernal demonspawn (Orc:2)
  A kraken simulacrum (Shoals:4)
  2 unseen horrors
  10 deep trolls
  Pikel (D:4)
  An anaconda skeleton (Crypt:3)
  13 necromancers
  A sphinx zombie (Depths:3)
  3 wolf spider zombies
  16 deep elf archers
  9 harpies
  11 phantasmal warriors
  13 orc knights
  72 deep elf magi
  2 frost giant zombies
  2 shadow dragon zombies
  2 fire giant zombies
  18 orb spiders
  10 manticores
  32 wolf spiders
  11 fauns
  9 orc sorcerers
  55 ugly things
  13 cyclopes
  A sphinx skeleton (Depths:3)
  2 frost giant skeletons
  A stone giant skeleton (Vaults:2)
  2 black mambas
  26 moths of wrath
  2 centaur zombies (D:13)
  9 elephants
  4 human skeletons
  3 gargoyles
  A green draconian zombie (Crypt:1)
  4 water nymphs
  5 merfolk sirens
  12 vault sentinels
  A shock serpent skeleton (Crypt:3)
  A dire elephant skeleton (Crypt:1)
  An orange demon (Orc:2)
  3 torpor snails
  An efreet (D:15)
  A catoblepas zombie (Crypt:1)
  7 komodo dragons
  10 spiny frogs
  A minotaur zombie (Gauntlet)
  A rime drake (Lair:6)
  42 yaktaurs
  11 demonic crawlers
  16 freezing wraiths
  A guardian mummy (Crypt:1)
  A hellwing (Depths:3)
  3 ice devils
  A white draconian skeleton (Crypt:2)
  4 red devils
  6 tengu conjurers
  38 jumping spiders
  A meliai (D:11)
  A purple draconian skeleton (Crypt:1)
  6 trolls
  25 merfolk
  A moth of wrath zombie (Crypt:1)
  A polar bear (shapeshifter) (Depths:4)
  7 wind drakes
  A jumping spider (shapeshifter) (Vaults:4)
  3 ettin zombies
  A tyrant leech (Gauntlet)
  4 blink frogs (Lair:2)
  12 hornets
  A hippogriff (shapeshifter) (D:11)
  3 fire dragon zombies (Crypt:3)
  A hydra skeleton (Crypt:3)
  A shadow dragon simulacrum (Vaults:5)
  42 slime creatures
  A sphinx simulacrum (Depths:3)
  An ice dragon zombie (Crypt:1)
  A dream sheep (shapeshifter) (Depths:4)
  11 hippogriffs
  A snapping turtle (shapeshifter) (Depths:3)
  71 redbacks
  7 snapping turtles
  18 flying skulls (Crypt:3)
  4 air elementals
  A stone giant simulacrum (Vaults:5)
  A shadow (Crypt:1)
  19 water elementals
  3 wyverns
  38 yaks
  A black mamba zombie (Crypt:1)
  15 tarantellas
  15 wraiths
  A wyvern (shapeshifter) (Depths:4)
  A wind drake zombie (Crypt:2)
  7 fire elementals
  A golden eye (shapeshifter) (Elf:1)
  A spriggan (shapeshifter) (D:11)
  Grum (D:8)
  7 hogs
  A human (D:7)
  2 fire bats
  A basilisk (Lair:2)
  A chaos spawn (Depths:1)
  5 vampire mosquitoes
  2 hungry ghosts
  3 swamp worms (Gauntlet)
  A merfolk zombie (Crypt:3)
  A wind drake skeleton (Crypt:1)
  8 wargs
  A soldier ant (D:10)
  A water nymph zombie (Crypt:2)
  2 acid dragons
  2 floating eyes
  8 water moccasins
  8 porcupines
  6 hell hounds (D:15)
  3 black bears (shapeshifter)
  6 phantoms
  A floating eye (shapeshifter) (D:11)
  3 ice beasts
  5 sky beasts
  5 human zombies
  35 orc warriors
  4 necrophages
  A slave (D:4)
  18 ogres
  19 boggarts
  A tengu (shapeshifter) (Depths:4)
  12 centaurs
  5 wolves
  12 crocodiles
  6 big kobolds
  15 bullfrogs
  A hippogriff zombie (Crypt:1)
  A rime drake skeleton (Crypt:2)
  2 salamander skeletons (Crypt:2)
  2 water moccasin zombies (D:8)
  6 earth elementals
  2 scorpions
  A wyvern skeleton (D:13)
  A human simulacrum (Vaults:3)
  5 killer bees
  A warg skeleton (Crypt:2)
  2 electric eels (Spider:1)
  3 howler monkeys
  5 wights
  5 crimson imps
  3 quasits
  A bullfrog skeleton (D:11)
  10 hounds
  28 orc priests
  7 jellies
  4 centaur skeletons
  An iguana (D:7)
  29 orc wizards
  Natasha (thrice) (D:4)
  6 hell rats (Lair:3)
  5 worker ants
  A naga zombie (Crypt:2)
  A dwarf skeleton (Crypt:1)
  A hound skeleton (D:4)
  2 hound zombies
  6 mummies (Crypt:1)
  A worker ant zombie (D:11)
  8 adders
  5 gnolls
  2 howler monkey skeletons
  16 river rats (Lair:3)
  5 shadow imps
  2 oozes
  4 adder zombies
  A worm zombie (Crypt:2)
  3 worms
  3 dart slugs
  7 leopard geckos
  107 orcs
  8 giant cockroaches
  4 hobgoblins (D:2)
  12 jackals
  13 quokkas
  3 ball pythons
  9 bats
  5 frilled lizards
  11 goblins
  A goblin skeleton (Crypt:2)
  2 goblin zombies (D:9)
  2 hobgoblin zombies (D:9)
  A jackal zombie (Crypt:1)
  19 kobolds
  A kobold skeleton (D:9)
  2 kobold zombies
  A leopard gecko zombie (D:2)
  2 orc zombies (D:9)
  A quokka skeleton (D:9)
  20 rats
  2 crawling corpses
  A fire vortex (Depths:5)
  4 fungi
  5 plants
2453 creatures vanquished.

Vanquished Creatures (others)
  An ironheart preserver (Vaults:4)
  3 stone giants
  A white draconian (Zot:4)
  3 yaktaur captains
  2 deep elf archers
  A wolf spider (Vaults:4)
  11 yaktaurs
  A redback (Spider:1)
  A tarantella (Spider:3)
  2 humans (Shoals:4)
  2 ogres (Vaults:4)
  A scorpion (D:4)
  A crimson imp (Depths:2)
  A jelly (D:15)
  A quokka (D:4)
  7 fungi
  19 plants
  8 tentacles (Shoals:4)
66 creatures vanquished.

Grand Total: 2519 creatures vanquished

Notes
Turn   | Place    | Note
-------+----------+-------------------------------------------
     0 | D:1      | Peloso the Minotaur Fighter began the quest for the Orb.
     0 | D:1      | Reached XP level 1. HP: 19/19 MP: 0/0
   290 | D:1      | Reached XP level 2. HP: 26/27 MP: 1/1
   785 | D:2      | Reached XP level 3. HP: 21/33 MP: 2/2
   807 | D:2      | Found Zin's Purification Station.
   809 | D:2      | Found a glowing silver altar of Zin.
   813 | D:2      | Bought a potion of curing for 90 gold pieces
  1062 | D:2      | Reached XP level 4. HP: 40/40 MP: 3/3
  1636 | D:3      | Found a shattered altar of Ashenzari.
  1706 | D:3      | Reached XP level 5. HP: 43/47 MP: 4/4
  2085 | D:4      | Found a roughly hewn altar of Beogh.
  2117 | D:4      | Reached skill level 5 in Armour
  2508 | D:4      | Noticed Natasha
  2513 | D:4      | Killed Natasha
  2513 | D:4      | Reached XP level 6. HP: 50/55 MP: 5/5
  2536 | D:4      | Noticed a slave
  2560 | D:4      | Killed a slave
  2731 | D:4      | Noticed Pikel
  2732 | D:4      | Noticed a slave
  2732 | D:4      | Noticed a slave
  2732 | D:4      | Noticed a slave
  2753 | D:4      | Killed Pikel
  2753 | D:4      | Reached skill level 5 in Fighting
  2753 | D:4      | Reached skill level 1 in Dodging
  2753 | D:4      | Reached skill level 5 in Shields
  2753 | D:4      | Reached XP level 7. HP: 19/61 MP: 6/6
  2877 | D:4      | Noticed Natasha
  2882 | D:4      | Killed Natasha
  2990 | D:4      | Noticed Natasha
  2994 | D:4      | Killed Natasha
  3279 | D:5      | Entered Level 5 of the Dungeon
  3440 | D:5      | Got a translucent trident
  3442 | D:5      | Identified the +3 trident "Qoulisir" {vamp, rN+ MR+} (You
                  | found it on level 5 of the Dungeon)
  4225 | D:5      | Reached XP level 8. HP: 70/70 MP: 7/7
  4516 | D:6      | Noticed a cyan ugly thing
  4576 | D:6      | Killed a cyan ugly thing
  4649 | D:6      | Noticed a five-headed hydra
  4890 | D:7      | Noticed a hippogriff
  4898 | D:7      | Killed a hippogriff
  4898 | D:7      | Reached XP level 9. HP: 77/78 MP: 8/8
  4921 | D:7      | Found a staircase to the Ecumenical Temple.
  4980 | Temple   | Entered the Ecumenical Temple
  5006 | Temple   | Became a worshipper of Warmaster Okawaru
  5390 | D:7      | Reached * piety under Okawaru
  5639 | D:7      | Reached skill level 10 in Long Blades
  6226 | D:8      | Reached ** piety under Okawaru
  6411 | D:8      | Reached XP level 10. HP: 62/88 MP: 9/9
  6840 | D:8      | Noticed Grum
  6876 | D:8      | Killed Grum
  7060 | D:8      | Found a staircase to the Lair.
  7822 | D:9      | Found a glowing golden altar of the Shining One.
  7890 | D:9      | Reached skill level 10 in Armour
  7926 | D:9      | Reached *** piety under Okawaru
  8122 | D:9      | Noticed an unseen horror
  8167 | D:9      | Found Vilyh's General Store.
  8242 | D:9      | Found an ornate altar of the Wu Jian Council.
  8561 | D:9      | Found a shimmering altar of Xom.
  8564 | D:9      | Found a sparkling altar of Nemelex Xobeh.
  8564 | D:9      | Found a shadowy altar of Dithmenos.
  8631 | D:10     | Entered Level 10 of the Dungeon
  8638 | D:10     | Noticed a two-headed ogre
  8855 | D:9      | Killed a two-headed ogre
  8985 | D:10     | Reached skill level 10 in Shields
  9405 | D:10     | Found a roughly hewn altar of Beogh.
  9405 | D:10     | Found a staircase to the Orcish Mines.
  9638 | D:10     | Reached XP level 11. HP: 91/95 MP: 10/10
  9643 | D:10     | Noticed a deep elf mage
  9654 | D:10     | Killed a deep elf mage
  9654 | D:10     | Reached **** piety under Okawaru
  9669 | D:10     | Found a blossoming altar of Fedhas.
  9868 | D:10     | Identified the +4 long sword "Oghy" {chaos, Int+3}
  9998 | D:10     | Noticed a two-headed ogre
 10013 | D:10     | Killed a two-headed ogre
 10172 | D:10     | Reached ***** piety under Okawaru
 10536 | D:11     | Noticed a wizard
 10537 | D:11     | Noticed a fire dragon
 10540 | D:11     | Noticed a tengu warrior
 10564 | D:11     | Paralysed by a wizard for 4 turns
 10590 | D:11     | Killed a tengu warrior
 10590 | D:11     | Received a gift from Okawaru
 10593 | D:11     | Paralysed by a wizard for 5 turns
 10794 | D:11     | Killed a fire dragon
 10794 | D:11     | Reached skill level 1 in Invocations
 11003 | D:11     | Identified the +2 ice dragon scales of the Ecumenical
                  | Temple {rF- rC++ Int+7 Slay-6}
 11179 | D:11     | Noticed a centaur warrior
 11183 | D:11     | Noticed a great orb of eyes
 11190 | D:11     | Killed a centaur warrior
 11192 | D:11     | Noticed an ettin
 11193 | D:11     | Noticed a satyr
 11193 | D:11     | a great orb of eyes changed into a satyr
 11195 | D:11     | Noticed an ice dragon
 11195 | D:11     | a satyr changed into an ice dragon
 11199 | D:11     | an ice dragon changed into a slime creature
 11201 | D:11     | Noticed a shining eye
 11201 | D:11     | a slime creature changed into a shining eye
 11202 | D:11     | Noticed a glowing shapeshifter
 11202 | D:11     | a shining eye changed into a glowing shapeshifter
 11204 | D:11     | Noticed a glowing orange brain
 11204 | D:11     | a glowing shapeshifter changed into a glowing orange brain
 11212 | D:11     | a glowing orange brain changed into a floating eye
 11583 | D:11     | Killed a wizard
 11686 | D:11     | Killed an ettin
 11686 | D:11     | Received a gift from Okawaru
 11936 | D:11     | Noticed a flayed ghost
 11946 | D:11     | Noticed a lindwurm
 11946 | D:11     | a swamp worm changed into a lindwurm
 11950 | D:11     | Noticed a glowing shapeshifter
 11950 | D:11     | a lindwurm changed into a glowing shapeshifter
 11951 | D:11     | a glowing shapeshifter changed into a water nymph
 11953 | D:11     | HP: 2/99 [flayed ghost (15)]
 11957 | D:11     | Noticed a glowing orange brain
 11957 | D:11     | a water nymph changed into a glowing orange brain
 11959 | D:11     | a glowing orange brain changed into a moth of wrath
 11960 | D:11     | Noticed a shock serpent
 11960 | D:11     | a moth of wrath changed into a shock serpent
 11961 | D:11     | Noticed a swamp dragon
 11961 | D:11     | a shock serpent changed into a swamp dragon
 11966 | D:11     | Killed a flayed ghost
 11966 | D:11     | Reached XP level 12. HP: 106/106 MP: 9/12
 12018 | D:11     | Noticed an ettin
 12018 | D:11     | Noticed a stone giant
 12037 | D:11     | Killed a stone giant
 12037 | D:11     | Reached skill level 10 in Fighting
 12043 | D:11     | Killed an ettin
 12346 | D:11     | Received a gift from Okawaru
 12446 | D:11     | Noticed a deep troll earth mage
 12457 | D:11     | Killed a deep troll earth mage
 12464 | D:11     | Got a clouded tin ring
 12466 | D:11     | Identified the ring "Gujol" {rC+ AC+3 Stlth+} (You found it
                  | on level 11 of the Dungeon)
 12834 | D:12     | Noticed a four-headed hydra
 12864 | D:12     | Noticed a two-headed ogre
 12966 | Lair:1   | Entered Level 1 of the Lair of Beasts
 13773 | Lair:2   | Noticed an eight-headed hydra
 13786 | Lair:2   | Killed an 11-headed hydra
 13838 | Lair:2   | Noticed a seven-headed hydra
 13838 | Lair:2   | Noticed Qucvyi Areg's ghost (journeyman DrTm)
 13841 | Lair:2   | Found a runed translucent gate.
 13841 | Lair:2   | Found a runed translucent gate.
 13841 | Lair:2   | Found a runed translucent gate.
 13842 | Lair:2   | Noticed a five-headed hydra
 14587 | Lair:3   | Found a staircase to the Shoals.
 14687 | Lair:3   | Found a bloodstained altar of Trog.
 14726 | Lair:3   | Received a gift from Okawaru
 14748 | Lair:3   | Got a transparent demon blade {god gift}
 14749 | Lair:3   | Identified the +6 demon blade of Okawaru's Approval {drain,
                  | rN+ Int-4 Stlth+} (Okawaru gifted it to you on level 3 of
                  | the Lair of Beasts)
 14908 | Lair:3   | Noticed a six-headed hydra
 14918 | Lair:3   | Killed a ten-headed hydra
 15651 | D:6      | Killed a 14-headed hydra
 15651 | D:6      | Reached XP level 13. HP: 92/116 MP: 7/15
 16530 | D:12     | Found Laatih's Jewellery Boutique.
 16542 | D:12     | Bought a cursed amulet of inaccuracy for 20 gold pieces
 16705 | D:13     | Reached skill level 1 in Stealth
 16713 | D:13     | Found a gate to the Vaults.
 16747 | D:13     | Received a gift from Okawaru
 16804 | D:13     | Got a transparent buckler {god gift}
 16815 | D:13     | Identified the +0 buckler of the Lizard {rN+} (Okawaru
                  | gifted it to you on level 13 of the Dungeon)
 16918 | D:13     | You fall through a shaft for 2 floors!
 16918 | D:15     | Entered Level 15 of the Dungeon
 16918 | D:15     | Found a runed translucent door.
 16931 | D:15     | Reached skill level 5 in Invocations
 16998 | D:15     | Reached skill level 15 in Long Blades
 17136 | D:15     | Noticed Azrael
 17158 | D:15     | Got a smoking bardiche
 17623 | D:15     | Noticed Josephine
 17629 | D:15     | Killed Josephine
 17649 | D:15     | Reached XP level 14. HP: 75/129 MP: 16/16
 17674 | D:15     | Reached ****** piety under Okawaru
 18662 | D:15     | Killed Azrael
 18883 | D:15     | Found a staircase to the Depths.
 18884 | D:15     | Noticed a fire giant
 18930 | D:15     | Killed a fire giant
 20069 | D:13     | Received a gift from Okawaru
 20078 | D:13     | Identified a +0 pair of boots of running (Okawaru gifted it
                  | to you on level 13 of the Dungeon)
 20770 | Lair:4   | Got a fine shortbow
 21321 | Lair:4   | Found a hole to the Spider Nest.
 21479 | Lair:5   | Reached skill level 15 in Shields
 21546 | Lair:5   | Found a gate leading to a gauntlet.
 21555 | Gauntlet | Entered a Gauntlet
 21555 | Gauntlet | Found a transporter.
 21555 | Gauntlet | Found a large runed translucent door.
 21555 | Gauntlet | Found a large runed translucent door.
 21555 | Gauntlet | Found a large runed translucent door.
 21555 | Gauntlet | Found a large runed translucent door.
 21555 | Gauntlet | Found a large runed translucent door.
 21555 | Gauntlet | Found a large runed translucent door.
 21555 | Gauntlet | Found a runed translucent door.
 21555 | Gauntlet | Found a runed translucent door.
 21555 | Gauntlet | Found a large runed translucent door.
 21555 | Gauntlet | Found a large runed translucent door.
 21555 | Gauntlet | Found a large runed translucent door.
 21555 | Gauntlet | Found a large runed translucent door.
 21555 | Gauntlet | Found a large runed translucent door.
 21555 | Gauntlet | Found a large runed translucent door.
 21567 | Gauntlet | Noticed a reaper
 21886 | Gauntlet | Found a transporter.
 21901 | Gauntlet | Found a transporter.
 21904 | Gauntlet | Found a transporter.
 21918 | Gauntlet | Found a transporter.
 21935 | Gauntlet | Found a transporter.
 21939 | Gauntlet | Found a transporter.
 21943 | Gauntlet | Found a transporter.
 21945 | Gauntlet | Found a runed translucent gate.
 21945 | Gauntlet | Found a runed translucent gate.
 21946 | Gauntlet | Found a large runed translucent door.
 21946 | Gauntlet | Found a large runed translucent door.
 21948 | Gauntlet | Found a runed translucent gate.
 21967 | Gauntlet | Found a large runed translucent door.
 21968 | Gauntlet | Found a large runed translucent door.
 22002 | Gauntlet | Found a transporter.
 22002 | Gauntlet | Found a transporter.
 22006 | Gauntlet | Found a transporter.
 22024 | Gauntlet | Found the amulet of the Four Winds {rN+ MR+++ Clar}
 22037 | Gauntlet | Found a transporter.
 22311 | Gauntlet | Got a polished cloak
 22322 | Gauntlet | Identified the cursed -3 cloak "Esicoh" {rPois rC+ rN+
                  | Int-4} (You found it in a Gauntlet)
 22322 | Gauntlet | Lost intelligence.
 22428 | Gauntlet | Got a bound amethyst amulet
 22429 | Gauntlet | Identified the amulet "Guar" {+Rage rPois} (You found it in
                  | a Gauntlet)
 22432 | Gauntlet | Identified the Volume of Ghastly Poisoning
 22890 | Lair:1   | Identified the +5 bardiche of Kindness {vamp, *Rage Str+7
                  | Int+6} (You found it on level 15 of the Dungeon)
 22895 | Lair:1   | Identified the cursed +1 shortbow "Bidghy Demoz" {velocity,
                  | rF+ Int+2} (You found it on level 4 of the Lair of Beasts)
 23475 | Lair:5   | Received a gift from Okawaru
 23770 | Lair:6   | Entered Level 6 of the Lair of Beasts
 23828 | Lair:6   | Reached XP level 15. HP: 121/139 MP: 18/18
 24509 | Lair:6   | Reached skill level 15 in Fighting
 24827 | Lair:6   | Reached skill level 15 in Armour
 24938 | Lair:6   | Found a staircase to the Slime Pits.
 25285 | Lair:2   | Killed Qucvyi Areg's ghost
 25295 | Lair:2   | Received a gift from Okawaru
 25607 | Orc:1    | Entered Level 1 of the Orcish Mines
 26156 | Orc:2    | Entered Level 2 of the Orcish Mines
 26408 | Orc:2    | Found Jokuem's Food Shop.
 26409 | Orc:2    | Found Xanaagey's Magic Scroll Boutique.
 26870 | Orc:2    | Bought a scroll of random uselessness for 14 gold pieces
 26870 | Orc:2    | Bought a scroll of identify for 28 gold pieces
 26870 | Orc:2    | Bought a scroll of enchant armour for 105 gold pieces
 27089 | Orc:2    | Found Yddeiw's Antique Weapon Shoppe.
 27089 | Orc:2    | Found Riel Fiad's Book Emporium.
 27089 | Orc:2    | Found a one-way gate leading to the halls of Pandemonium.
 27559 | Orc:2    | Found a staircase to the Elven Halls.
 27945 | Shoals:1 | Entered Level 1 of the Shoals
 28253 | Shoals:1 | Received a gift from Okawaru
 28330 | Shoals:1 | Reached XP level 16. HP: 113/151 MP: 19/19
 29483 | Shoals:2 | Noticed Polyphemus
 29493 | Shoals:2 | HP: 7/151 [merfolk impaler/+1 trident of piercing (2)]
 29974 | Shoals:2 | Killed Polyphemus
 30809 | Shoals:3 | Received a gift from Okawaru
 31535 | Shoals:4 | Entered Level 4 of the Shoals
 31554 | Shoals:4 | Found Lyid's Book Boutique.
 31555 | Shoals:4 | Found Tehub's Mass Market.
 32755 | Shoals:4 | Found Bawengup's Antique Armour Boutique.
 32839 | Shoals:4 | Found Diwnuhy's Antique Weapon Boutique.
 32849 | Shoals:4 | Bought a fine chain mail for 294 gold pieces
 32850 | Shoals:4 | Identified the +5 chain mail "Akhuli" {+Inv rC+ Int+3} (You
                  | bought it in a shop on level 4 of the Shoals)
 33410 | Shoals:4 | Received a gift from Okawaru
 33699 | Shoals:4 | Identified the Papyrus of Congealing Stones
 33780 | Shoals:4 | Noticed a kraken
 33793 | Shoals:4 | Killed a kraken
 33821 | Shoals:4 | Noticed Kirke
 33853 | Shoals:4 | Killed Kirke
 34042 | Shoals:4 | Reached XP level 17. HP: 160/160 MP: 20/20
 34374 | Shoals:4 | Got a pitted golden ring
 34376 | Shoals:4 | Lost intelligence.
 34376 | Shoals:4 | Identified the ring of Nifiaf {rElec Str+5 Int-2 SInv
                  | Stlth+} (You found it on level 4 of the Shoals)
 34540 | Shoals:4 | Got a barnacled rune of Zot
 34972 | Shoals:4 | Identified the Tome of the Ghastly Voyage
 35397 | Spider:1 | Entered Level 1 of the Spider Nest
 36152 | Spider:1 | Got a bloodstained falchion
 36153 | Spider:1 | Identified the +2 falchion "Qimidwej" {elec, rC+ Str+10}
                  | (You found it on level 1 of the Spider Nest)
 36805 | Spider:2 | Received a gift from Okawaru
 37073 | Spider:2 | Reached skill level 5 in Dodging
 38583 | Spider:3 | Received a gift from Okawaru
 38896 | Spider:4 | Entered Level 4 of the Spider Nest
 39018 | Spider:4 | Noticed Arachne
 39044 | Spider:4 | Noticed Aizul
 39046 | Spider:4 | Killed Arachne
 39386 | Spider:4 | Killed Aizul
 40082 | Spider:4 | Received a gift from Okawaru
 40672 | Spider:4 | Reached XP level 18. HP: 171/171 MP: 21/21
 40767 | Spider:4 | Noticed Bai Suzhen
 41175 | Spider:4 | Killed Bai Suzhen
 41581 | Spider:4 | Got a polished broad axe
 41582 | Spider:4 | Identified the cursed +1 broad axe "Wejejops" {freeze, rF+}
                  | (You found it on level 4 of the Spider Nest)
 41774 | Spider:4 | Got a gossamer rune of Zot
 42236 | Elf:1    | Entered Level 1 of the Elven Halls
 42469 | Elf:1    | Received a gift from Okawaru
 42472 | Elf:1    | Got a slimy hat {god gift}
 42483 | Elf:1    | Identified the +0 hat of Brilliance {Int+4} (Okawaru gifted
                  | it to you on level 1 of the Elven Halls)
 43808 | Elf:2    | Found a huge runed translucent gate.
 43808 | Elf:2    | Found a huge runed translucent gate.
 43808 | Elf:2    | Found a huge runed translucent gate.
 43809 | Elf:2    | Found a huge runed translucent gate.
 43810 | Elf:2    | Found a huge runed translucent gate.
 44629 | Elf:2    | Received a gift from Okawaru
 44649 | Elf:2    | Got a polished mace {god gift}
 44650 | Elf:2    | Identified the +9 mace of Objectivity {protect, *Noise
                  | Str+8 Dex+4} (Okawaru gifted it to you on level 2 of the
                  | Elven Halls)
 44824 | Elf:2    | Reached XP level 19. HP: 172/181 MP: 22/22
 44851 | Elf:2    | Identified a scroll of acquirement
 45044 | Elf:2    | Found Giromes's Jewellery Shop.
 45157 | Elf:3    | Entered Level 3 of the Elven Halls
 45244 | Elf:3    | Found Voffif's One-of-a-Kind Books.
 45790 | Elf:3    | Received a gift from Okawaru
 47081 | Elf:3    | Received a gift from Okawaru
 47146 | Elf:3    | Identified the cursed +0 morningstar of Distant Worlds
                  | {venom, +Inv rC+ MR+}
 48100 | Elf:3    | Identified the +7 dagger of Plog {drain, rF+ Dex+2}
 48100 | Elf:3    | Identified the cursed ring of Goeproz {+Inv Str-5 Dex+4
                  | Slay-5}
 48398 | Elf:3    | Found the +8 demon blade "Bloodbane" {slice, *Rage +Rage
                  | Stlth-}
 48410 | Elf:3    | Noticed a Brimstone Fiend
 48433 | Elf:3    | Got a bloodstained cloak
 48444 | Elf:3    | Identified the +3 cloak "Ossopnumm" {rF- rC++ MR++} (You
                  | found it on level 3 of the Elven Halls)
 48451 | Elf:3    | Identified Sif Muna's Volume of the Enthralling Glacier
 48561 | Elf:3    | Got a smoking cloak
 48572 | Elf:3    | Identified the +1 cloak "Nepum" {rF+} (You found it on
                  | level 3 of the Elven Halls)
 48598 | Elf:3    | Got an ancient iron ring
 48599 | Elf:3    | Identified the ring "Bobb" {rF+ Slay+2} (You found it on
                  | level 3 of the Elven Halls)
 49470 | Elf:3    | Got a twisted arbalest
 49995 | Vaults:1 | Entered Level 1 of the Vaults
 50275 | Vaults:1 | Received a gift from Okawaru
 50281 | Vaults:1 | Reached XP level 20. HP: 188/193 MP: 23/23
 50293 | Vaults:1 | Got a translucent fustibalus {god gift}
 50968 | Vaults:1 | Found Qealuan's General Store.
 50986 | Vaults:1 | Bought a potion of mutation for 144 gold pieces
 51339 | Vaults:1 | Received a gift from Okawaru
 52566 | Vaults:2 | Lost intelligence.
 53848 | Vaults:3 | Noticed Mennas
 54284 | Vaults:2 | Killed Mennas
 54284 | Vaults:2 | Received a gift from Okawaru
 54628 | Vaults:3 | You fall through a shaft!
 54866 | Vaults:4 | Noticed Frederick
 54876 | Vaults:4 | Killed Frederick
 54876 | Vaults:4 | Reached XP level 21. HP: 202/202 MP: 22/24
 54947 | Vaults:3 | Found a staircase to the Crypt.
 55478 | Lair:1   | Identified the +3 fustibalus of Collusion {speed, *Slow
                  | rElec rPois rN++} (Okawaru gifted it to you on level 1 of
                  | the Vaults)
 56796 | Vaults:4 | Received a gift from Okawaru
 57210 | Vaults:4 | Got a clouded copper ring
 57211 | Vaults:4 | Identified the ring of the Tortoise {*Drain rPois rF+ MR+++
                  | Stlth-} (You found it on level 4 of the Vaults)
 58015 | Vaults:4 | Received a gift from Okawaru
 58036 | Vaults:4 | Got a shimmering cloak {god gift}
 58066 | Vaults:4 | Identified the +1 cloak "Zor Zin" {rPois rN+ Slay+5}
                  | (Okawaru gifted it to you on level 4 of the Vaults)
 58162 | Vaults:5 | Entered Level 5 of the Vaults
 58366 | Vaults:5 | Noticed a golden dragon
 58701 | Vaults:4 | Killed a golden dragon
 58813 | Vaults:4 | Reached XP level 22. HP: 153/213 MP: 25/25
 60056 | Vaults:5 | Reached skill level 1 in Evocations
 60132 | Vaults:5 | Noticed an ancient lich
 60143 | Vaults:5 | Killed an ancient lich
 60143 | Vaults:5 | Received a gift from Okawaru
 61378 | Vaults:5 | Noticed an ancient lich
 61384 | Vaults:5 | Killed an ancient lich
 61384 | Vaults:5 | Received a gift from Okawaru
 62497 | Vaults:5 | Paralysed by a sphinx for 5 turns
 62993 | Vaults:5 | Noticed a golden dragon
 63000 | Vaults:5 | Killed a golden dragon
 63591 | Vaults:5 | Found Ydots's Jewellery Shoppe.
 63622 | Vaults:5 | Found Cafriaku's Antique Armour Shoppe.
 63713 | Vaults:5 | Reached XP level 23. HP: 141/224 MP: 26/26
 64109 | Vaults:5 | Identified the +9 dire flail of Leucuogef {freeze, +Blink}
 64109 | Vaults:5 | Identified the ring "Agoetome" {Wiz Str-3 Dex+5}
 64396 | Vaults:5 | Got a silver rune of Zot
 64437 | Vaults:5 | Received a gift from Okawaru
 64440 | Vaults:5 | Got a crude chain mail {god gift}
 65058 | Lair:1   | Identified the +1 chain mail of Magic {*Contam rPois
                  | Regen+} (Okawaru gifted it to you on level 5 of the Vaults)
 65648 | Depths:1 | Entered Level 1 of the Depths
 66120 | Depths:1 | Noticed a juggernaut
 66139 | Depths:1 | Killed a juggernaut
 66197 | Depths:1 | Noticed a caustic shrike
 66204 | Depths:1 | Killed a caustic shrike
 66394 | Depths:1 | Received a gift from Okawaru
 66434 | Depths:1 | Found a corrupted altar of Lugonu.
 66434 | Depths:1 | Found a one-way gate to the infinite horrors of the Abyss.
 66753 | Depths:1 | Found a gateway to Hell.
 66875 | Depths:1 | Received a gift from Okawaru
 67420 | Depths:1 | Got an ichor-stained plate armour {god gift}
 67431 | Depths:1 | Identified the +1 plate armour of the Eternal Fruit {MR+
                  | Int-2 Slay+3 Stlth+} (Okawaru gifted it to you on level 1
                  | of the Depths)
 67534 | Depths:2 | Reached skill level 27 in Shields
 68025 | Depths:2 | Reached XP level 24. HP: 208/236 MP: 26/26
 69009 | Depths:3 | Received a gift from Okawaru
 69012 | Depths:3 | Got a scorched hat {god gift}
 70327 | Depths:3 | Identified the +2 hat of Exclusion {rF+ Str+2 Dex-5}
                  | (Okawaru gifted it to you on level 3 of the Depths)
 70900 | Depths:4 | Received a gift from Okawaru
 71079 | Depths:4 | Found a gateway to a ziggurat.
 71252 | Depths:4 | Found a basalt altar of Yredelemnul.
 71252 | Depths:4 | Found a snail-covered altar of Cheibriados.
 71253 | Depths:4 | Found an ancient bone altar of Kikubaaqudgha.
 71749 | Depths:4 | Reached XP level 25. HP: 248/248 MP: 26/26
 72437 | Depths:4 | Identified the cursed +1 spear "Vuibb" {flame, rF++ MP-9
                  | Int+3 Stlth+}
 73868 | Depths:4 | Identified Suafa's Magic, Part Three
 73965 | Depths:5 | Entered Level 5 of the Depths
 74506 | Depths:5 | Found a huge runed gate.
 74506 | Depths:5 | Found a huge runed gate.
 74506 | Depths:5 | Found a huge runed gate.
 74506 | Depths:5 | Found a huge runed gate.
 74506 | Depths:5 | Found a huge runed gate.
 74506 | Depths:5 | Found a huge runed gate.
 74506 | Depths:5 | Found a huge runed gate.
 74506 | Depths:5 | Found a huge runed gate.
 74506 | Depths:5 | Found a huge runed gate.
 74507 | Depths:5 | Found a huge runed gate.
 74512 | Depths:5 | Found a huge runed gate.
 74514 | Depths:5 | Found a huge runed gate.
 74515 | Depths:5 | Found a huge runed gate.
 74516 | Depths:5 | Found a huge runed gate.
 74614 | Depths:5 | Found a gate to the Realm of Zot.
 74616 | Depths:5 | Received a gift from Okawaru
 74779 | Depths:5 | Paralysed by a floating eye for 4 turns
 74959 | Depths:5 | Found a huge runed gate.
 74959 | Depths:5 | Found a huge runed gate.
 74960 | Depths:5 | Found a huge runed gate.
 74961 | Depths:5 | Found a huge runed gate.
 74966 | Depths:5 | Found a huge runed gate.
 74966 | Depths:5 | Found a huge runed gate.
 74967 | Depths:5 | Found a huge runed gate.
 75098 | Depths:5 | Noticed a juggernaut
 75855 | Depths:4 | Killed a juggernaut
 76945 | Crypt:1  | Entered Level 1 of the Crypt
 77040 | Crypt:1  | Reached XP level 26. HP: 203/261 MP: 24/26
 77562 | Crypt:1  | Noticed an ancient lich
 77581 | Crypt:1  | Killed an ancient lich
 77702 | Crypt:2  | Received a gift from Okawaru
 78059 | Crypt:2  | Received a gift from Okawaru
 78582 | Crypt:3  | Entered Level 3 of the Crypt
 78875 | Crypt:3  | Found a basalt altar of Yredelemnul.
 78875 | Crypt:3  | Noticed an ancient lich
 78887 | Crypt:3  | Killed an ancient lich
 79131 | Crypt:3  | Got a pitted great sword
 79132 | Crypt:3  | Identified the +1 great sword of the Vine {venom, Int+4}
                  | (You found it on level 3 of the Crypt)
 79280 | Crypt:3  | Reached skill level 27 in Fighting
 79291 | Crypt:3  | Reached skill level 27 in Long Blades
 79429 | Crypt:3  | Got a twitching wooden ring
 79429 | Crypt:3  | Got a bound granite ring
 79438 | Crypt:3  | Identified the ring "Pygrap" {rPois rN+} (You found it on
                  | level 3 of the Crypt)
 79439 | Crypt:3  | Identified the ring "Nuloym" {*Drain +Fly rN+ Dex+2} (You
                  | found it on level 3 of the Crypt)
 79505 | Crypt:3  | Found a staircase to the Tomb.
 80797 | Zot:1    | Entered Level 1 of the Realm of Zot
 80819 | Zot:1    | Got a translucent bronze ring
 80820 | Zot:1    | Identified the ring "Hoestryiz" {rC+ Int+5} (You acquired
                  | it on level 1 of the Realm of Zot)
 81165 | Zot:1    | Got a distressingly furry plate armour
 81166 | Zot:1    | Identified the +1 plate armour of a wizard's laboratory
                  | {rC+} (You found it on level 1 of the Realm of Zot)
 81688 | Zot:2    | Received a gift from Okawaru
 81869 | Zot:2    | You fall through a shaft for 2 floors!
 81892 | Zot:4    | Reached XP level 27. HP: 263/273 MP: 25/26
 82627 | Zot:2    | Noticed an orb of fire
 82627 | Zot:2    | Gained mutation: You are clumsy. (Dex -2) [an orb of fire]
 82637 | Zot:2    | Killed an orb of fire
 83116 | Zot:3    | Reached skill level 10 in Dodging
 83705 | Zot:3    | Received a gift from Okawaru
 83708 | Zot:3    | Got a shimmering cloak {god gift}
 83709 | Zot:3    | Identified the +2 cloak "Gaulabli" {rPois rF+++ rCorr
                  | Dex-2} (Okawaru gifted it to you on level 3 of the Realm of
                  | Zot)
 84188 | Zot:4    | Reached skill level 5 in Stealth
 84417 | Zot:4    | Reached skill level 27 in Armour
 84426 | Zot:4    | Lost intelligence.
 84944 | Zot:4    | Got a twisted spear
 84945 | Zot:4    | Identified the +5 spear of Armageddon {venom, Int+3} (You
                  | found it on level 4 of the Realm of Zot)
 85287 | Zot:5    | Entered Level 5 of the Realm of Zot
 85747 | Zot:5    | Received a gift from Okawaru
 85890 | Zot:5    | Noticed an ancient lich
 85891 | Zot:5    | Noticed an orb of fire
 85944 | Zot:5    | Gained mutation: You are frail. (-10% HP) [an orb of fire]
 85958 | Zot:5    | Blown up by an ancient lich

Skill      XL: |  1  2  3  4  5  6  7  8  9 10 11 12 13 14 15 16 17 18 19 20 21 22 23 24 25 26 27 |
---------------+----------------------------------------------------------------------------------+-----
Fighting       | 4 5 6 7 8 9 11 13 14 15 16 17 18 19 20 21 22 23 24 26 27 | 27.0
Armour         | 4 5 6 7 8 9 10 12 13 14 15 16 17 18 19 20 21 22 24 27 | 27.0
Shields        | 4 5 6 8 10 11 12 14 15 17 18 19 21 22 23 24 26 27 | 27.0
Long Blades    | 3 4 6 7 9 10 11 13 14 15 16 17 18 19 20 21 22 23 24 26 27 | 27.0
Dodging        | 1 2 3 4 5 6 7 8 9 11 | 11.3
Invocations    | 1 4 5 6 9 |  9.6
Stealth        | 1 2 3 4 8 |  8.5
Evocations     | 1 |  1.5

Action                   |  1- 3 |  4- 6 |  7- 9 | 10-12 | 13-15 | 16-18 | 19-21 | 22-24 | 25-27 || total
-------------------------+-------+-------+-------+-------+-------+-------+-------+-------+-------++-------
Melee: Long sword        |   107 |   139 |   318 |    30 |       |       |       |       |       ||   594
       Headbutt          |    17 |    29 |    71 |   225 |   340 |   415 |   510 |   514 |   589 ||  2710
       Falchion          |       |       |       |   832 |       |    84 |       |       |       ||   916
       Demon blade       |       |       |       |   115 |  1225 |   530 |    45 |       |       ||  1915
       Scimitar          |       |       |       |       |    63 |    73 |       |       |       ||   136
       Double sword      |       |       |       |       |       |   748 |  1445 |  1325 |  1564 ||  5082
Invok: Heroism           |       |       |     1 |    18 |    10 |     8 |    12 |     1 |     4 ||    54
       Finesse           |       |       |       |     5 |     2 |     2 |     1 |       |       ||    10
Evoke: Wand              |       |       |       |     5 |       |     1 |       |     6 |       ||    12
  Use: Scroll            |       |       |     2 |    16 |    20 |    12 |     8 |     6 |    32 ||    96
       Potion            |       |       |     1 |     8 |     3 |       |     3 |     4 |     6 ||    25
  Eat: Chunk             |     1 |     3 |    12 |    21 |    31 |    37 |    33 |    26 |    29 ||   193
       Ration            |       |     1 |     1 |     3 |     2 |     5 |     4 |     4 |     5 ||    25
Armor: Scale mail        |    36 |       |       |       |       |       |       |       |       ||    36
       Chain mail        |    13 |    49 |   141 |       |       |       |       |       |       ||   203
       Plate armour      |       |       |     5 |   395 |   428 |   753 |   671 |   408 |   223 ||  2883
       Gold dragon scale |       |       |       |       |       |       |       |       |   389 ||   389
Dodge: Dodged            |    47 |    53 |   110 |   212 |   247 |   479 |   493 |   268 |   396 ||  2305
       Deflected         |       |       |     5 |    11 |    24 |    27 |    25 |       |       ||    92
Block: Shield            |    61 |    73 |   180 |   522 |   787 |  1223 |   922 |       |       ||  3768
       Large shield      |       |       |       |       |       |       |   720 |  1376 |  1947 ||  4043
       Reflection        |       |       |       |       |       |       |    71 |    74 |    45 ||   190
       Rpst.: Long sword |    12 |    14 |    26 |     1 |       |       |       |       |       ||    53
       Falchion          |       |       |       |    33 |       |     4 |       |       |       ||    37
       Demon blade       |       |       |       |     8 |    49 |    28 |     4 |       |       ||    89
       Scimitar          |       |       |       |       |     5 |    15 |       |       |       ||    20
       Double sword      |       |       |       |       |       |    48 |    90 |    41 |    57 ||   236
